General information
- name: BNet
- type: Ladder team game (AT/RT)
- host: Battle.net
- saver: AngelOfWrath
map: FullScaleAssault
- players: 8
- length: 70:46
- speed: Fast
- version: 1.27 W3XP
- replay type: Public
» download(419 KB)
Players
team 1 (loser)

»
robertocarlos86 (
yellow | 34 APM | 1436 actions | 42:28)
4 Tauren Chieftain
2 Endurance Aura
2 War Stomp
» actions
| Assign group hotkey | 25 | |
| Basic commands | 25 | |
| Build / train | 86 | |
| Enter build submenu | 34 | |
| Enter hero's abilities submenu | 4 | |
| Remove unit from queue | 1 | |
| Right click | 739 | |
| Select / deselect | 398 | |
| Select group hotkey | 66 | |
| Use ability | 58 | |
1436 total
» units
| Peon | 16 | |
| Grunt | 4 | |
| Blue Drake | 1 | |
| Blue Dragon Whelp | 1 | |
| Troll Witch Doctor | 6 | |
| Shaman | 11 | |
| Tauren | 11 | |
| Troll Headhunter/Berserker | 6 | |
56 total
» upgrades
| Spiked Barricades | 1 | |
| Armor | 3 | |
| Melee Weapons | 3 | |
| Pillage | 1 | |
| Berserker Strength | 1 | |
| Witch Doctor Training | 2 | |
| Shaman Training | 2 | |
| Pulverize | 1 | |
| Ranged Weapons | 2 | |
| Troll Regeneration | 1 | |
| Berserker Upgrade | 1 | |
18 total
» buildings
| Orc Burrow | 9 | |
| Altar of Storms | 1 | |
| Barracks | 3 | |
| War Mill | 1 | |
| Voodoo Lounge | 2 | |
| Great Hall | 2 | |
| Watch Tower | 6 | |
| Stronghold | 1 | |
| Fortress | 1 | |
| Spirit Lodge | 2 | |
| Tauren Totem | 2 | |
30 total
» build order
00:09 Orc Burrow
00:18 Altar of Storms
00:56 Barracks
01:05 Barracks
01:59 War Mill
02:10 Voodoo Lounge
02:17 Orc Burrow
04:37 Orc Burrow
05:27 Great Hall
05:32 Watch Tower
05:35 Watch Tower
05:37 Watch Tower
05:38 Watch Tower
06:01 Stronghold
07:06 Watch Tower
07:09 Watch Tower
08:32 Voodoo Lounge
08:35 Fortress
10:29 Spirit Lodge
10:34 Spirit Lodge
13:56 Tauren Totem
14:57 Orc Burrow
15:08 Tauren Totem
15:56 Orc Burrow
16:01 Orc Burrow
20:06 Orc Burrow
23:11 Orc Burrow
24:42 Orc Burrow
27:57 Great Hall
35:48 Barracks
» items
| Scroll of Town Portal | 3 | |
| Orb of Lightning | 1 | |
4 total
Malblsh (
green | 86 APM | 4314 actions | 50:11)
7 Death Knight
3 Death Coil
3 Unholy Aura
1 Animate Dead
6 Lich
3 Frost Nova
2 Frost Armor
1 Death and Decay
5 Crypt Lord
2 Spiked Carapace
3 Impale
» actions
| Assign group hotkey | 25 | |
| Basic commands | 22 | |
| Build / train | 89 | |
| Enter build submenu | 21 | |
| Enter hero's abilities submenu | 18 | |
| Give item / drop item | 8 | |
| Right click | 1991 | |
| Select / deselect | 353 | |
| Select group hotkey | 1660 | |
| Use ability | 127 | |
4314 total
» units
| Acolyte | 7 | |
| Ghoul | 5 | |
| Crypt Fiend | 5 | |
| Frost Wyrm | 8 | |
25 total
» upgrades
| Web | 1 | |
| Creature Attack | 3 | |
| Creature Carapace | 3 | |
| Freezing Breath | 2 | |
9 total
» buildings
| Crypt | 1 | |
| Ziggurat | 11 | |
| Graveyard | 1 | |
| Altar of Darkness | 1 | |
| Tomb of Relics | 1 | |
| Nerubian Tower | 3 | |
| Halls of the Dead | 1 | |
| Necropolis | 1 | |
| Spirit Tower | 5 | |
| Black Citadel | 1 | |
| Sacrificial Pit | 1 | |
| Boneyard | 4 | |
31 total
» build order
00:17 Crypt
00:18 Ziggurat
00:38 Graveyard
00:58 Altar of Darkness
01:24 Tomb of Relics
01:49 Ziggurat
02:55 Nerubian Tower
04:22 Halls of the Dead
04:39 Ziggurat
05:30 Necropolis
05:51 Ziggurat
07:05 Ziggurat
07:06 Ziggurat
07:45 Ziggurat
07:46 Ziggurat
07:47 Ziggurat
08:14 Spirit Tower
08:26 Spirit Tower
08:41 Black Citadel
09:05 Nerubian Tower
09:06 Spirit Tower
09:08 Spirit Tower
09:44 Sacrificial Pit
11:09 Boneyard
11:10 Boneyard
11:12 Boneyard
11:58 Boneyard
12:06 Ziggurat
12:07 Ziggurat
14:41 Nerubian Tower
30:24 Spirit Tower
» items
| Rod of Necromancy | 1 | |
| Orb of Corruption | 2 | |
| Scroll of Healing | 3 | |
| Potion of Healing | 1 | |
| Potion of Lesser Invulnerability | 2 | |
| Periapt of Vitality | 1 | |
| Scroll of Protection | 1 | |
| Orb of Fire | 1 | |
| Scroll of Town Portal | 4 | |
| Scroll of Regeneration | 2 | |
| Healing Salve | 2 | |
| Potion of Mana | 1 | |
| Tiny Great Hall | 1 | |
| Scroll of Speed | 1 | |
| Lesser Clarity Potion | 1 | |
24 total
TERROROFAZER0TH (
pink | 92 APM | 6537 actions | 70:45)
9 Archmage
2 Summon Water Elemental
3 Brilliance Aura
3 Blizzard
1 Mass Teleport
6 Pit Lord
3 Rain of Fire
2 Cleaving Attack
1 Doom
» actions
| Assign group hotkey | 80 | |
| Basic commands | 174 | |
| Build / train | 344 | |
| ESC pressed | 17 | |
| Enter build submenu | 89 | |
| Enter hero's abilities submenu | 18 | |
| Give item / drop item | 11 | |
| Right click | 3016 | |
| Select / deselect | 919 | |
| Select group hotkey | 1438 | |
| Use ability | 430 | |
6537 total
» units
| Peasant | 33 | |
| Footman | 5 | |
| Goblin Zeppelin | 23 | |
| Goblin Shredder | 6 | |
| Gryphon Rider | 5 | |
| Sorceress | 1 | |
| Siege Engine | 7 | |
| Goblin Sapper | 6 | |
| Knight | 4 | |
| Dragonhawk Rider | 2 | |
92 total
» upgrades
| Swords | 3 | |
| Masonry | 3 | |
| Armor | 4 | |
| Backpack | 1 | |
| Animal War Training | 1 | |
| Sorceress Training | 1 | |
| Storm Hammers | 1 | |
| Magic Sentry | 1 | |
| Plating | 3 | |
| Barrage | 1 | |
| Gunpowder | 3 | |
| Cloud | 1 | |
23 total
» buildings
| Barracks | 2 | |
| Altar of Kings | 2 | |
| Farm | 9 | |
| Arcane Vault | 2 | |
| Blacksmith | 1 | |
| Lumber Mill | 1 | |
| Town Hall | 8 | |
| Scout Tower | 82 | |
| Guard Tower | 122 | |
| Arcane Tower | 1 | |
| Keep | 6 | |
| Castle | 10 | |
| Gryphon Aviary | 5 | |
| Arcane Sanctum | 1 | |
| Workshop | 3 | |
255 total
» build order
01:09 Barracks
01:13 Altar of Kings
01:15 Farm
01:17 Farm
01:26 Farm
02:02 Arcane Vault
02:26 Farm
03:15 Blacksmith
03:36 Lumber Mill
04:25 Town Hall
04:30 Scout Tower
04:31 Scout Tower
04:31 Scout Tower
04:32 Scout Tower
04:33 Scout Tower
05:15 Guard Tower
05:15 Guard Tower
05:16 Guard Tower
05:16 Guard Tower
05:16 Guard Tower
05:17 Guard Tower
05:17 Guard Tower
05:17 Guard Tower
05:21 Arcane Tower
05:58 Farm
05:59 Farm
06:17 Keep
06:17 Keep
06:18 Keep
07:49 Scout Tower
07:49 Scout Tower
07:51 Scout Tower
08:16 Guard Tower
08:16 Guard Tower
08:17 Guard Tower
08:18 Guard Tower
08:18 Guard Tower
08:26 Guard Tower
08:27 Guard Tower
09:01 Castle
09:01 Castle
09:01 Castle
09:06 Scout Tower
09:08 Scout Tower
10:19 Guard Tower
10:20 Guard Tower
10:20 Guard Tower
10:32 Gryphon Aviary
12:05 Gryphon Aviary
12:06 Gryphon Aviary
12:16 Arcane Sanctum
12:46 Farm
12:49 Farm
15:13 Town Hall
15:15 Scout Tower
15:16 Scout Tower
15:16 Scout Tower
15:17 Scout Tower
15:18 Scout Tower
15:18 Scout Tower
15:19 Scout Tower
15:20 Scout Tower
15:21 Scout Tower
15:22 Scout Tower
15:42 Guard Tower
15:42 Guard Tower
15:43 Guard Tower
15:43 Guard Tower
15:43 Guard Tower
16:00 Workshop
16:02 Workshop
16:04 Workshop
16:13 Guard Tower
16:13 Guard Tower
16:13 Guard Tower
18:52 Scout Tower
18:53 Scout Tower
18:54 Scout Tower
18:54 Scout Tower
18:55 Scout Tower
18:55 Scout Tower
19:48 Guard Tower
19:48 Guard Tower
19:48 Guard Tower
19:51 Scout Tower
19:52 Scout Tower
19:53 Scout Tower
19:57 Guard Tower
19:57 Guard Tower
19:57 Guard Tower
20:31 Guard Tower
20:32 Guard Tower
20:47 Town Hall
20:49 Scout Tower
20:49 Scout Tower
20:50 Scout Tower
20:51 Scout Tower
21:00 Scout Tower
21:01 Scout Tower
21:01 Scout Tower
21:02 Scout Tower
21:03 Scout Tower
21:03 Scout Tower
21:06 Scout Tower
21:07 Scout Tower
21:08 Scout Tower
21:08 Scout Tower
21:09 Scout Tower
21:38 Guard Tower
22:41 Scout Tower
22:42 Scout Tower
22:43 Scout Tower
22:43 Scout Tower
22:44 Scout Tower
22:44 Scout Tower
22:45 Scout Tower
22:46 Scout Tower
22:46 Scout Tower
22:47 Scout Tower
22:48 Scout Tower
22:48 Scout Tower
23:38 Guard Tower
23:38 Guard Tower
23:38 Guard Tower
24:57 Guard Tower
24:57 Guard Tower
26:15 Keep
26:16 Guard Tower
26:16 Guard Tower
27:11 Scout Tower
27:11 Scout Tower
27:12 Scout Tower
27:14 Scout Tower
27:15 Scout Tower
27:57 Guard Tower
27:57 Guard Tower
29:11 Town Hall
29:28 Keep
30:03 Altar of Kings
30:04 Guard Tower
30:04 Guard Tower
30:04 Guard Tower
30:05 Guard Tower
31:01 Guard Tower
31:01 Guard Tower
31:02 Guard Tower
31:39 Castle
31:39 Castle
31:39 Castle
31:39 Castle
31:43 Gryphon Aviary
31:44 Gryphon Aviary
31:54 Scout Tower
32:23 Guard Tower
32:23 Guard Tower
32:23 Guard Tower
32:25 Scout Tower
33:53 Arcane Vault
34:03 Guard Tower
34:03 Guard Tower
34:03 Guard Tower
34:07 Scout Tower
34:08 Scout Tower
34:08 Scout Tower
34:12 Scout Tower
34:13 Scout Tower
35:21 Guard Tower
35:22 Guard Tower
35:22 Guard Tower
35:44 Barracks
39:59 Scout Tower
39:59 Scout Tower
40:00 Scout Tower
40:01 Scout Tower
40:02 Scout Tower
40:20 Scout Tower
40:21 Scout Tower
40:22 Scout Tower
40:23 Scout Tower
40:24 Scout Tower
40:27 Guard Tower
40:27 Guard Tower
40:27 Guard Tower
40:27 Guard Tower
40:28 Guard Tower
40:29 Guard Tower
40:29 Guard Tower
40:30 Guard Tower
40:30 Guard Tower
41:01 Guard Tower
41:01 Guard Tower
41:05 Town Hall
41:07 Guard Tower
41:08 Guard Tower
41:08 Guard Tower
41:10 Scout Tower
41:10 Scout Tower
41:12 Scout Tower
41:15 Scout Tower
41:47 Guard Tower
41:48 Guard Tower
41:49 Guard Tower
41:49 Guard Tower
41:49 Guard Tower
41:49 Guard Tower
41:50 Guard Tower
41:50 Guard Tower
41:50 Guard Tower
41:50 Guard Tower
41:51 Guard Tower
44:34 Guard Tower
50:22 Town Hall
51:31 Town Hall
54:15 Farm
55:20 Town Hall
» items
| Scroll of Regeneration | 7 | |
| Periapt of Vitality | 1 | |
| Staff of Teleportation | 2 | |
| Tome of Retraining | 3 | |
| Potion of Invisibility | 3 | |
| Lesser Clarity Potion | 1 | |
| Scroll of Town Portal | 10 | |
| Potion of Healing | 7 | |
| Potion of Lesser Invulnerability | 1 | |
| Tiny Great Hall | 1 | |
| Orb of Lightning | 1 | |
| Mechanical Critter | 3 | |
40 total
noblesky1 (
orange | 109 APM | 3155 actions | 28:58)
6 Mountain King
3 Storm Bolt
2 Bash
1 Avatar
4 Dark Ranger
2 Black Arrow
2 Silence
» actions
| Assign group hotkey | 131 | |
| Basic commands | 379 | |
| Build / train | 250 | |
| ESC pressed | 3 | |
| Enter build submenu | 69 | |
| Enter hero's abilities submenu | 11 | |
| Give item / drop item | 7 | |
| Right click | 727 | |
| Select / deselect | 644 | |
| Select group hotkey | 763 | |
| Use ability | 171 | |
3155 total
» units
| Peasant | 41 | |
| Footman | 14 | |
| Goblin Shredder | 7 | |
| Goblin Zeppelin | 11 | |
| Flying Machine | 26 | |
| Siege Engine | 23 | |
| Mortar Team | 3 | |
125 total
» upgrades
| Swords | 3 | |
| Plating | 3 | |
| Gunpowder | 4 | |
| Lumber Harvesting | 2 | |
| Armor | 3 | |
| Masonry | 3 | |
| Flak Cannons | 1 | |
| Flying Machine Bombs | 1 | |
| Barrage | 1 | |
21 total
» buildings
| Barracks | 1 | |
| Farm | 13 | |
| Altar of Kings | 2 | |
| Scout Tower | 36 | |
| Arcane Tower | 4 | |
| Arcane Vault | 2 | |
| Town Hall | 2 | |
| Keep | 1 | |
| Blacksmith | 2 | |
| Lumber Mill | 1 | |
| Guard Tower | 31 | |
| Castle | 2 | |
| Workshop | 6 | |
103 total
» build order
00:20 Barracks
00:35 Farm
00:50 Altar of Kings
01:12 Farm
01:36 Farm
01:51 Farm
02:44 Farm
02:47 Scout Tower
04:00 Arcane Tower
04:00 Arcane Tower
04:24 Arcane Vault
04:54 Town Hall
05:49 Farm
05:54 Farm
06:23 Farm
06:40 Keep
06:44 Farm
06:51 Blacksmith
06:55 Farm
07:09 Lumber Mill
07:19 Scout Tower
07:35 Farm
07:40 Farm
07:42 Farm
07:48 Arcane Tower
07:49 Scout Tower
08:15 Scout Tower
08:21 Blacksmith
08:24 Scout Tower
08:47 Arcane Vault
08:48 Guard Tower
08:50 Scout Tower
09:29 Guard Tower
09:48 Town Hall
10:05 Castle
10:07 Guard Tower
10:07 Guard Tower
10:10 Scout Tower
10:13 Scout Tower
10:23 Scout Tower
11:07 Scout Tower
11:07 Scout Tower
11:08 Scout Tower
11:09 Scout Tower
11:10 Scout Tower
11:28 Guard Tower
11:30 Scout Tower
11:31 Scout Tower
11:32 Scout Tower
11:33 Scout Tower
11:34 Scout Tower
11:36 Scout Tower
11:53 Guard Tower
11:55 Scout Tower
11:55 Scout Tower
11:56 Scout Tower
11:59 Scout Tower
12:02 Scout Tower
12:35 Workshop
12:55 Workshop
12:57 Workshop
12:59 Workshop
13:18 Guard Tower
13:31 Guard Tower
13:31 Guard Tower
13:38 Guard Tower
15:48 Workshop
16:03 Scout Tower
16:06 Scout Tower
16:36 Guard Tower
16:37 Guard Tower
16:38 Scout Tower
17:59 Guard Tower
17:59 Guard Tower
18:00 Scout Tower
18:06 Scout Tower
18:43 Guard Tower
18:43 Scout Tower
19:36 Guard Tower
19:37 Guard Tower
19:39 Scout Tower
19:40 Guard Tower
19:40 Guard Tower
19:41 Scout Tower
20:29 Workshop
21:02 Guard Tower
21:03 Scout Tower
21:05 Guard Tower
21:05 Scout Tower
21:34 Altar of Kings
24:34 Scout Tower
25:29 Guard Tower
25:30 Guard Tower
» items
| Scroll of Regeneration | 3 | |
| Lesser Clarity Potion | 6 | |
| Boots of Speed | 3 | |
| Staff of Teleportation | 1 | |
| Potion of Healing | 2 | |
15 total
team 2 (winner)

»
Lsd_coc_extazy (
red | 33 APM | 2328 actions | 70:45)
9 Keeper of the Grove
3 Entangling Roots
3 Thorns Aura
1 Tranquility
2 Force of Nature
1 Archmage
1 Mass Teleport
1 Paladin
1 Holy Light
1 Mountain King
1 Storm Bolt
» actions
| Basic commands | 1 | |
| Build / train | 138 | |
| Enter build submenu | 28 | |
| Enter hero's abilities submenu | 12 | |
| Give item / drop item | 4 | |
| Remove unit from queue | 23 | |
| Right click | 1364 | |
| Select / deselect | 641 | |
| Use ability | 117 | |
2328 total
» units
| Wisp | 22 | |
| Archer | 26 | |
| Hippogryph | 20 | |
| Peasant | 1 | |
| Dragonhawk Rider | -3 | |
| Flying Machine | 8 | |
| Gryphon Rider | 10 | |
84 total
» upgrades
| Improved Bows | 1 | |
| Hippogryph Taming | 1 | |
| Strength of the Moon | 2 | |
| Moon Armor | 2 | |
| Marksmanship | 1 | |
| Plating | 1 | |
| Storm Hammers | 1 | |
9 total
» buildings
| Altar of Elders | 1 | |
| Moon Well | 9 | |
| Ancient of War | 2 | |
| Tree of Ages | 1 | |
| Hunter's Hall | 1 | |
| Tree of Life | 3 | |
| Ancient of Wind | 2 | |
| Ancient of Wonders | 1 | |
| Tree of Eternity | 1 | |
| Altar of Kings | 1 | |
| Keep | 1 | |
| Blacksmith | 1 | |
| Farm | 14 | |
| Castle | 1 | |
| Gryphon Aviary | 3 | |
| Lumber Mill | 1 | |
43 total
» build order
00:17 Altar of Elders
00:20 Moon Well
01:11 Ancient of War
01:20 Moon Well
02:25 Ancient of War
03:19 Moon Well
04:28 Tree of Ages
05:44 Hunter's Hall
06:03 Tree of Life
06:21 Moon Well
06:59 Ancient of Wind
07:01 Ancient of Wind
07:27 Moon Well
09:13 Ancient of Wonders
11:12 Tree of Eternity
11:28 Moon Well
13:15 Moon Well
13:48 Moon Well
16:40 Tree of Life
17:55 Moon Well
30:26 Tree of Life
35:27 Altar of Kings
35:31 Keep
35:35 Blacksmith
37:13 Farm
37:14 Farm
37:14 Farm
37:15 Farm
37:15 Farm
37:16 Farm
37:17 Farm
38:16 Castle
38:19 Gryphon Aviary
38:22 Gryphon Aviary
39:47 Lumber Mill
41:24 Gryphon Aviary
41:27 Farm
41:28 Farm
41:28 Farm
45:53 Farm
45:54 Farm
45:54 Farm
45:55 Farm
» items
| Scroll of Town Portal | 5 | |
| Potion of Healing | 1 | |
6 total

»
Fine (
teal | 47 APM | 2561 actions | 54:49)
5 Crypt Lord
3 Impale
1 Spiked Carapace
1 Locust Swarm
5 Death Knight
2 Death Coil
2 Unholy Aura
1 Animate Dead
» actions
| Assign group hotkey | 12 | |
| Build / train | 75 | |
| Enter build submenu | 24 | |
| Enter hero's abilities submenu | 10 | |
| Give item / drop item | 3 | |
| Remove unit from queue | 1 | |
| Right click | 965 | |
| Select / deselect | 295 | |
| Select group hotkey | 1097 | |
| Use ability | 79 | |
2561 total
» units
| Acolyte | 12 | |
| Ghoul | 7 | |
| Obsidian Statue | 4 | |
| Frost Wyrm | 5 | |
| Gargoyle | 3 | |
| Goblin Zeppelin | 1 | |
| Mortar Team | 5 | |
37 total
» upgrades
| Creature Carapace | 2 | |
| Creature Attack | 3 | |
| Destroyer Form | 1 | |
| Freezing Breath | 1 | |
7 total
» buildings
| Graveyard | 1 | |
| Ziggurat | 12 | |
| Crypt | 1 | |
| Altar of Darkness | 1 | |
| Tomb of Relics | 3 | |
| Halls of the Dead | 1 | |
| Necropolis | 1 | |
| Black Citadel | 1 | |
| Sacrificial Pit | 1 | |
| Slaughterhouse | 1 | |
| Spirit Tower | 4 | |
| Nerubian Tower | 3 | |
| Boneyard | 2 | |
| Town Hall | 2 | |
| Farm | 5 | |
| Scout Tower | 7 | |
46 total
» build order
00:44 Graveyard
00:50 Ziggurat
00:56 Crypt
01:40 Altar of Darkness
01:46 Ziggurat
01:54 Tomb of Relics
02:37 Ziggurat
03:34 Halls of the Dead
05:52 Necropolis
07:34 Black Citadel
07:39 Sacrificial Pit
07:47 Slaughterhouse
07:57 Ziggurat
08:00 Ziggurat
08:05 Ziggurat
09:09 Spirit Tower
09:10 Nerubian Tower
09:13 Spirit Tower
09:20 Ziggurat
09:23 Ziggurat
09:29 Tomb of Relics
09:38 Tomb of Relics
10:03 Boneyard
10:09 Boneyard
10:38 Spirit Tower
10:39 Nerubian Tower
10:50 Ziggurat
10:52 Ziggurat
11:52 Nerubian Tower
11:54 Spirit Tower
23:23 Ziggurat
23:25 Ziggurat
30:02 Town Hall
36:19 Farm
36:19 Farm
36:20 Farm
36:20 Farm
36:22 Farm
38:22 Town Hall
38:26 Scout Tower
38:26 Scout Tower
38:27 Scout Tower
38:28 Scout Tower
38:29 Scout Tower
38:29 Scout Tower
38:31 Scout Tower
» items
| Scroll of Town Portal | 5 | |
| Potion of Healing | 1 | |
| Scroll of Protection | 1 | |
| Scroll of Regeneration | 1 | |
8 total
AngelOfWrath (
purple | 55 APM | 3919 actions | 70:46)
9 Archmage
3 Summon Water Elemental
3 Brilliance Aura
1 Mass Teleport
2 Blizzard
» actions
| Assign group hotkey | 52 | |
| Basic commands | 242 | |
| Build / train | 98 | |
| Enter build submenu | 51 | |
| Enter hero's abilities submenu | 9 | |
| Give item / drop item | 8 | |
| Remove unit from queue | 7 | |
| Right click | 1374 | |
| Select / deselect | 646 | |
| Select group hotkey | 1158 | |
| Use ability | 274 | |
3919 total
» units
| Peasant | 16 | |
| Footman | 5 | |
| Goblin Shredder | 2 | |
| Goblin Zeppelin | 2 | |
| Gryphon Rider | 5 | |
| Blue Dragon | 5 | |
| Goblin Sapper | 4 | |
39 total
» upgrades
| Masonry | 3 | |
| Swords | 3 | |
| Armor | 3 | |
| Animal War Training | 1 | |
| Storm Hammers | 1 | |
| Cloud | 1 | |
12 total
» buildings
| Altar of Kings | 1 | |
| Barracks | 1 | |
| Farm | 10 | |
| Scout Tower | 46 | |
| Arcane Tower | 1 | |
| Keep | 1 | |
| Lumber Mill | 1 | |
| Arcane Vault | 2 | |
| Town Hall | 5 | |
| Castle | 1 | |
| Gryphon Aviary | 4 | |
| Blacksmith | 2 | |
| Guard Tower | 11 | |
86 total
» build order
00:39 Altar of Kings
00:40 Barracks
00:50 Farm
00:52 Farm
01:05 Farm
01:41 Farm
02:29 Scout Tower
03:14 Arcane Tower
03:43 Keep
04:03 Lumber Mill
04:04 Arcane Vault
04:31 Town Hall
06:57 Castle
07:02 Scout Tower
07:03 Scout Tower
07:03 Scout Tower
07:04 Scout Tower
07:05 Scout Tower
07:05 Scout Tower
07:06 Scout Tower
07:07 Scout Tower
07:07 Scout Tower
08:27 Gryphon Aviary
08:29 Gryphon Aviary
08:33 Gryphon Aviary
08:36 Gryphon Aviary
08:38 Blacksmith
08:41 Blacksmith
09:21 Guard Tower
09:31 Farm
11:48 Guard Tower
13:28 Town Hall
14:06 Scout Tower
14:06 Scout Tower
14:07 Scout Tower
14:07 Scout Tower
14:08 Scout Tower
14:08 Scout Tower
14:09 Scout Tower
14:09 Scout Tower
14:10 Scout Tower
14:11 Scout Tower
14:11 Scout Tower
14:13 Scout Tower
14:16 Arcane Vault
14:47 Guard Tower
15:38 Scout Tower
15:39 Scout Tower
15:39 Scout Tower
15:40 Scout Tower
15:41 Scout Tower
15:43 Scout Tower
15:44 Scout Tower
15:44 Scout Tower
15:45 Scout Tower
15:45 Scout Tower
15:46 Scout Tower
15:46 Scout Tower
15:46 Scout Tower
15:47 Scout Tower
15:47 Scout Tower
16:02 Guard Tower
16:37 Guard Tower
17:41 Guard Tower
18:51 Guard Tower
19:31 Guard Tower
19:34 Scout Tower
19:34 Scout Tower
19:35 Scout Tower
19:35 Scout Tower
20:18 Farm
20:18 Farm
20:18 Farm
20:19 Farm
20:38 Guard Tower
20:40 Guard Tower
20:46 Scout Tower
20:47 Scout Tower
20:47 Scout Tower
20:48 Scout Tower
21:53 Guard Tower
28:18 Town Hall
30:57 Town Hall
52:16 Town Hall
» items
| Scroll of Regeneration | 4 | |
| Mechanical Critter | 2 | |
| Scroll of Town Portal | 2 | |
| Periapt of Vitality | 1 | |
| Staff of Teleportation | 1 | |
| Potion of Lesser Invulnerability | 4 | |
| Potion of Healing | 1 | |
15 total
teamdude (
blue | 62 APM | 1549 actions | 25:10)
5 Archmage
2 Summon Water Elemental
3 Brilliance Aura
2 Paladin
1 Holy Light
1 Divine Shield
2 Mountain King
1 Storm Bolt
1 Thunder Clap
» actions
| Assign group hotkey | 43 | |
| Basic commands | 30 | |
| Build / train | 112 | |
| Enter build submenu | 45 | |
| Enter hero's abilities submenu | 9 | |
| Give item / drop item | 4 | |
| Right click | 400 | |
| Select / deselect | 441 | |
| Select group hotkey | 318 | |
| Use ability | 147 | |
1549 total
» units
| Peasant | 17 | |
| Footman | 6 | |
| Rifleman | 2 | |
| Goblin Zeppelin | 2 | |
| Goblin Shredder | 2 | |
| Dragonhawk Rider | 3 | |
| Knight | 1 | |
| Siege Engine | 3 | |
| Mortar Team | 1 | |
37 total
» upgrades
| Lumber Harvesting | 1 | |
| Animal War Training | 1 | |
| Swords | 3 | |
| Armor | 2 | |
| Cloud | 1 | |
| Barrage | 1 | |
| Masonry | 1 | |
| Gunpowder | 1 | |
11 total
» buildings
| Altar of Kings | 1 | |
| Lumber Mill | 2 | |
| Farm | 13 | |
| Barracks | 1 | |
| Arcane Vault | 2 | |
| Scout Tower | 16 | |
| Arcane Tower | 3 | |
| Guard Tower | 12 | |
| Blacksmith | 2 | |
| Town Hall | 2 | |
| Keep | 1 | |
| Castle | 1 | |
| Workshop | 2 | |
| Gryphon Aviary | 3 | |
| Cannon Tower | 9 | |
70 total
» build order
00:51 Altar of Kings
00:56 Lumber Mill
01:07 Farm
01:39 Farm
01:46 Farm
02:00 Barracks
02:09 Arcane Vault
02:26 Farm
03:25 Farm
03:26 Farm
03:28 Farm
03:30 Farm
04:31 Scout Tower
04:33 Scout Tower
04:41 Scout Tower
04:42 Scout Tower
05:01 Arcane Tower
05:04 Guard Tower
05:25 Arcane Tower
05:48 Guard Tower
05:50 Blacksmith
06:27 Farm
06:46 Farm
07:40 Town Hall
07:58 Lumber Mill
08:00 Keep
09:14 Farm
10:18 Blacksmith
10:24 Castle
11:57 Guard Tower
12:21 Scout Tower
12:22 Scout Tower
12:43 Workshop
13:01 Guard Tower
13:02 Arcane Tower
13:06 Town Hall
13:08 Arcane Vault
13:59 Gryphon Aviary
14:04 Gryphon Aviary
14:05 Gryphon Aviary
14:43 Scout Tower
14:43 Scout Tower
14:45 Scout Tower
14:45 Scout Tower
15:34 Farm
15:36 Farm
15:37 Workshop
15:46 Guard Tower
18:16 Scout Tower
18:17 Scout Tower
18:19 Scout Tower
19:37 Guard Tower
19:39 Guard Tower
19:40 Guard Tower
19:41 Guard Tower
19:41 Guard Tower
20:12 Scout Tower
20:14 Scout Tower
20:26 Scout Tower
20:46 Cannon Tower
20:46 Cannon Tower
20:46 Cannon Tower
21:52 Cannon Tower
21:52 Cannon Tower
21:53 Cannon Tower
22:15 Guard Tower
22:29 Guard Tower
» items
| Lesser Clarity Potion | 2 | |
| Scroll of Regeneration | 2 | |
| Periapt of Vitality | 3 | |
| Scroll of Healing | 2 | |
| Scroll of Town Portal | 5 | |
| Ivory Tower | 1 | |
| Potion of Lesser Invulnerability | 1 | |
| Staff of Teleportation | 1 | |
| Orb of Fire | 1 | |
| Staff of Sanctuary | 1 | |
| Orb of Corruption | 1 | |
| Scroll of Protection | 1 | |
21 total
Chat log
(00:05 / All) noblesky1: HI
(00:09 / All) TERROROFAZER0TH: yo
(00:09 / All) noblesky1: Long time waited
(00:14 / All) noblesky1: Good games
(00:21 / All) teamdude: hi
(00:29 / Allies) Fine: a few human so assuming someone wil tower and tanks
(00:36 / Allies) teamdude: i will do some aa
(00:45 / Allies) AngelOfWrath: going griffs
(01:24 / Allies) Fine: lol how is that even a good spot blue on this map
(01:33 / Allies) Fine: the back of mines has abundance of wood
(01:51 / Allies) teamdude: thanks for input
(01:56 / Allies) teamdude: i will consider it for next game in this map
(02:42 / Allies) teamdude: i have 10 seconds to write
(02:55 / Allies) teamdude: this is a central area which reaches mine, a forest and the goblin shop
(02:58 / Allies) teamdude: which is why i built there
(03:17 / Allies) Fine: kk i'll just watch your strat
(04:49 / Allies) Fine: obs / wyrms
(06:33 / Allies) AngelOfWrath: almost lost my shredder ll
(06:42 / Allies) teamdude: oh
(06:43 / Allies) teamdude: sorry a lot
(07:05 / Allies) teamdude: is this your critter
(07:08 / Allies) teamdude: or from enemy
(09:39 / Allies) AngelOfWrath: lumber?
(10:50 / All) AngelOfWrath: cool mh bro
(11:06 / Allies) Fine: why wouyld that be mh?
(11:14 / Allies) Fine: he has scouts
(11:17 / Allies) AngelOfWrath: just randomy too his whole armya there right as I crept it
(11:24 / Allies) AngelOfWrath: he didn't reveal
(11:25 / All) noblesky1: TY yellow
(11:53 / All) teamdude: hi
(12:08 / Allies) Fine: lets group now
(13:30 / Allies) Fine: group up
(13:55 / Allies) teamdude: ty
(14:44 / Allies) Fine: more gryphs?
(14:46 / Allies) Fine: blue?
(14:49 / Allies) teamdude: hawk
(14:55 / Allies) teamdude: for aa
(14:56 / Allies) teamdude: and i do tank
(15:01 / Allies) Fine: kk
(15:58 / Allies) Fine: i have frost breath
(16:08 / Allies) Fine: for yellow
(16:42 / All) noblesky1: make unit
(16:47 / Allies) AngelOfWrath: lumber?
(17:08 / All) noblesky1: so fuck pink
(17:09 / All) noblesky1: Gold use
(17:14 / All) TERROROFAZER0TH: Orange is retarded
(17:40 / All) Fine: nope you are pink
(17:43 / Allies) AngelOfWrath: lumbeR/
(17:54 / All) TERROROFAZER0TH: lol we'll see who gets stomped this game buddy
(18:00 / All) Fine: ok
(18:08 / Allies) AngelOfWrath: teal you're ridiculous
(18:35 / Allies) Fine: i just raped pink and yellows army's and two expos
(18:40 / Allies) Fine: and im the idiot?
(19:22 / All) AngelOfWrath: your uninstall noob
(19:38 / Allies) AngelOfWrath: lumber me teal
(19:52 / Allies) Fine: didnt you insult me a moment ago?
(19:58 / Allies) AngelOfWrath: Uh
(19:59 / Allies) AngelOfWrath: No
(20:06 / All) noblesky1: Pink gold use fucker
(20:07 / All) noblesky1: useless
(20:13 / All) TERROROFAZER0TH: I'm making tanks you cocksucker
(20:19 / All) noblesky1: gOLD USE FUCIKER
(20:19 / All) TERROROFAZER0TH: stop whining I'm making shit
(20:20 / All) noblesky1: 3000 GOPLD
(20:22 / All) TERROROFAZER0TH: fucking dumb bitch
(20:22 / Allies) AngelOfWrath: I insulted orange
(20:24 / All) TERROROFAZER0TH: I had both expos hit buddy
(20:28 / All) TERROROFAZER0TH: so I have a bank til I chave more
(20:38 / All) TERROROFAZER0TH: I want solid income before I rebuild you fucking dumb polock
(20:58 / Allies) Fine: fuck ambushed and nuked
(20:59 / All) Fine: lol
(21:08 / All) noblesky1: gold me pink
(21:09 / All) noblesky1: gold use
(21:15 / All) noblesky1: gold use 31000
(21:18 / All) TERROROFAZER0TH: this retard doesn't understand anything I say
(21:23 / Allies) AngelOfWrath: making dhawks
(21:27 / Allies) AngelOfWrath: let's hit green expo
(22:05 / All) noblesky1: Gold use fucker
(22:07 / All) noblesky1: you are useles pink
(22:14 / Allies) Fine: we lose
(22:27 / All) TERROROFAZER0TH: least I'm not a subhuman IQ polock
(22:28 / Allies) AngelOfWrath: tp
(22:35 / All) TERROROFAZER0TH: or are you one of the syrian refugees playing on northrend
(22:38 / All) noblesky1: haahahah
(23:08 / Allies) Fine: gold?
(23:18 / All) noblesky1: Gold 3400 pink fucker
(23:57 / All) noblesky1: Fucker pinkj
(23:58 / All) noblesky1: useless
(24:06 / All) TERROROFAZER0TH: waiting for you retards to hit where I say
(24:09 / Allies) Fine: we're fucked everyone went air
(24:13 / All) TERROROFAZER0TH: eat my shit teal
(25:02 / All) teamdude: we have a serious case of non-playing in here
(25:07 / All) teamdude: so was this a game of 3v3?
(25:19 / All) TERROROFAZER0TH: I'm tking orange
(25:20 / All) noblesky1: i think pink purple useless
(25:25 / All) TERROROFAZER0TH: he's a retard who barely speaks english and never listens
(26:46 / All) noblesky1: Kill pink
(27:01 / All) TERROROFAZER0TH: kill orange
(27:04 / All) TERROROFAZER0TH: he's the team retard
(28:00 / Allies) Fine: need somemorts
(28:48 / All) noblesky1: hey green fucker
(28:52 / All) noblesky1: Pink all kill me fucker
(28:55 / All) noblesky1: useless in earth
(28:57 / All) noblesky1: mother have not
(28:58 / All) Malblsh: THAT
(29:07 / All) AngelOfWrath: fucking polack
(30:35 / All) Lsd_coc_extazy: ty green
(31:04 / All) Malblsh: team
(31:06 / All) Malblsh: retards
(31:15 / All) Malblsh: stupid
(31:16 / All) Malblsh: kids
(32:04 / Allies) Lsd_coc_extazy: tp all in me?
(32:11 / Allies) Fine: fuck going to get tp
(32:26 / Allies) Fine: nah leave it
(33:19 / Allies) Lsd_coc_extazy: b
(33:19 / Allies) Lsd_coc_extazy: b
(33:20 / Allies) Lsd_coc_extazy: b
(33:20 / Allies) Lsd_coc_extazy: b
(33:20 / Allies) Lsd_coc_extazy: b
(33:20 / Allies) Lsd_coc_extazy: b
(33:21 / Allies) Lsd_coc_extazy: b
(33:21 / Allies) Lsd_coc_extazy: b
(33:22 / Allies) Lsd_coc_extazy: b
(33:22 / Allies) Lsd_coc_extazy: b
(33:24 / Allies) Lsd_coc_extazy: he have tznk
(34:33 / Allies) AngelOfWrath: shiiieeet
(35:37 / Allies) Fine: spare gold?
(35:45 / Allies) Fine: for tps
(36:04 / Allies) Fine: thnx
(36:56 / All) TERROROFAZER0TH: wtf you jacked my items
(39:07 / Allies) Fine: fight at purples main
(39:10 / All) TERROROFAZER0TH: I think the biggest retard next to orange this game was teal
(39:10 / Allies) Fine: i put morts there
(39:20 / All) Fine: thnx
(39:25 / All) TERROROFAZER0TH: teal is big retard, 0-2 now time to make a new acc
(39:32 / All) Fine: 3rd game in 2 years
(39:35 / All) Fine: can't blame me
(39:40 / All) TERROROFAZER0TH: yeah I can tell
(39:42 / All) TERROROFAZER0TH: you suck
(39:45 / All) Fine: and my first game all were leavers
(40:22 / Allies) Lsd_coc_extazy: give me 100 g plz
(40:36 / Allies) Lsd_coc_extazy: ty
(40:52 / Allies) Fine: we lose
(40:53 / Allies) Lsd_coc_extazy: good job
(40:59 / Allies) Lsd_coc_extazy: no loose
(42:18 / Allies) Lsd_coc_extazy: group all
(42:32 / Allies) Fine: puirple gols pls
(43:04 / Allies) Lsd_coc_extazy: where is the tp
(43:05 / Allies) Lsd_coc_extazy: teal
(43:11 / Allies) Lsd_coc_extazy: to archimage
(43:11 / Allies) Fine: need gold
(43:19 / Allies) Fine: i took it but i can give back
(43:22 / Allies) Fine: need gold from purple
(43:44 / Allies) Fine: there
(43:47 / Allies) Fine: gave back
(43:51 / Allies) Fine: but im stuck
(44:21 / Allies) Lsd_coc_extazy: give 300 g plz for tp
(44:30 / Allies) Lsd_coc_extazy: ty
(44:43 / Allies) Fine: why no gold for me?
(45:23 / Allies) Fine: ok ill afk then
(45:45 / Allies) Lsd_coc_extazy: teal play plz
(49:04 / Allies) Lsd_coc_extazy: teal dude
(49:10 / Allies) Lsd_coc_extazy: play
(49:18 / Allies) Fine: no money mate for tp
(49:25 / Allies) Lsd_coc_extazy: purple
(49:29 / Allies) Lsd_coc_extazy: give 200 g to teal plz
(49:35 / Allies) Fine: i need 400
(49:56 / All) TERROROFAZER0TH: I'm fucking green's mom and he's fucking my dad because he's homosexual
(50:07 / All) TERROROFAZER0TH: apparently it's not gay if my dad sucks dick but I say it is
(50:11 / All) TERROROFAZER0TH: point is I'm still banging his mom
(50:16 / All) Lsd_coc_extazy: you fuckign mass tower noob
(50:24 / All) TERROROFAZER0TH: You lose noob
(50:32 / All) Lsd_coc_extazy: lol dude bye
(50:41 / All) TERROROFAZER0TH: 344-386 now red
(50:45 / All) TERROROFAZER0TH: bye noob
(50:48 / All) TERROROFAZER0TH: I'm fucking your mother red
(51:22 / All) TERROROFAZER0TH: Hero focusing homo
(51:29 / All) Lsd_coc_extazy: ahah naaab
(53:21 / All) TERROROFAZER0TH: gg noobs
(53:27 / All) Lsd_coc_extazy: £fucking teal noob
(53:46 / All) TERROROFAZER0TH: You guys are megan oobs
(53:47 / All) Fine: gave up boy
(53:54 / All) Lsd_coc_extazy: yes ^^
(54:02 / All) Lsd_coc_extazy: why he control teal
(54:53 / All) TERROROFAZER0TH: Easy son
(54:55 / All) TERROROFAZER0TH: bye red
(55:01 / All) TERROROFAZER0TH: Tell your mom I said hi bro
(55:07 / All) TERROROFAZER0TH: she's a good fuck
(55:08 / All) Lsd_coc_extazy: ^^
(55:18 / All) Lsd_coc_extazy: what is mom?
(55:25 / All) Lsd_coc_extazy: im dont hood english
(55:25 / All) TERROROFAZER0TH: my fuck toy
(55:28 / All) TERROROFAZER0TH: I'm fucking your mom
(55:35 / All) TERROROFAZER0TH: I'm fucking your mother
(55:38 / All) TERROROFAZER0TH: where are you from red
(55:41 / All) Lsd_coc_extazy: fr
(56:03 / All) TERROROFAZER0TH: Je baise ta mère
(56:05 / All) TERROROFAZER0TH: bitch
(56:13 / All) Lsd_coc_extazy: ahah
(56:23 / All) TERROROFAZER0TH: votre mère est une bonne baise
(56:35 / All) Lsd_coc_extazy: good french :)
(56:41 / All) TERROROFAZER0TH: thanks, I google translated it myself
(56:46 / All) TERROROFAZER0TH: still better than ur english
(57:14 / All) Lsd_coc_extazy: purple just kill the blue base ^^
(57:24 / All) TERROROFAZER0TH: Blue how would you talk about fucking another player's mother like a native speaker
(57:28 / All) TERROROFAZER0TH: what's the good way to write that, teach me
(57:36 / All) TERROROFAZER0TH: so I can tell frogs how I fuck their mother in the future, the right way
(58:07 / All) AngelOfWrath: have you ever watched back to the future yet
(58:21 / All) TERROROFAZER0TH: didn't get to it yet
(58:26 / All) AngelOfWrath: damn you lucky
(58:33 / All) TERROROFAZER0TH: watching a lot of movies off my backlog though
(58:35 / All) AngelOfWrath: probably best trilogy as a whole
(58:43 / All) AngelOfWrath: it's like 1 long movie
(59:00 / All) TERROROFAZER0TH: Most trilogies suck and feel really disconnected
(59:00 / All) AngelOfWrath: except they had to replace a lead actress for personal reasons
(59:04 / All) AngelOfWrath: and she had bipolar
(59:06 / All) TERROROFAZER0TH: and the more movies in a series the worse they get
(59:12 / All) AngelOfWrath: back to the future owns
(59:26 / All) AngelOfWrath: I've seen it so many times since I was a kid
(59:31 / All) AngelOfWrath: it holds up as an adult
(59:45 / All) TERROROFAZER0TH: This was a surprisingly good game
(59:51 / All) TERROROFAZER0TH: after our last shit one
(59:54 / All) AngelOfWrath: a little back and forth
(60:05 / All) TERROROFAZER0TH: I thought orange was going to make it difficult early on so I killed him
(60:16 / All) TERROROFAZER0TH: I suspected he might tk me too because he was an idiot
(60:23 / All) AngelOfWrath: if he had steamrolled my base it owuld have been bad
(60:37 / All) TERROROFAZER0TH: If green didn't help me I'd be pretty fucked when your team hit me
(60:43 / All) TERROROFAZER0TH: green helped me attack orange's units too lawl
(60:44 / All) TERROROFAZER0TH: at my base
(61:06 / All) TERROROFAZER0TH: I need ap easant, I want a doomguard
(61:51 / All) TERROROFAZER0TH: that was perfect timing, expo running out just as I go to get doomguard
(63:03 / All) TERROROFAZER0TH: want me to tank that base to speed it up
(63:13 / All) AngelOfWrath: it's p much dead
(63:19 / All) TERROROFAZER0TH: k
(64:03 / All) AngelOfWrath: red is 344-385
(64:22 / All) TERROROFAZER0TH: yeah
(64:24 / All) AngelOfWrath: orange 391 568 I was gonna suggest giving him loss but he's terrible as it is LOL
(64:34 / All) TERROROFAZER0TH: that's even worse lawl
(64:49 / All) AngelOfWrath: out of about 1k games he's about 200 games below 50%
(65:08 / All) TERROROFAZER0TH: Green 1-0 too
(65:13 / All) TERROROFAZER0TH: and a 0-1 on your team as well
(65:21 / All) TERROROFAZER0TH: Yellow 237-233
(65:29 / All) TERROROFAZER0TH: blue 223-247
(65:31 / All) TERROROFAZER0TH: all under 50%
(65:39 / All) AngelOfWrath: but yeah back to the future is almost seamless
(65:45 / All) TERROROFAZER0TH: Red lose because he's staying to the end
(65:54 / All) AngelOfWrath: there's never been a trilogy as consistent and good as it
(66:03 / All) AngelOfWrath: that I can think of
(66:04 / All) TERROROFAZER0TH: takes a special retard to stay after you know you lost
(66:12 / All) TERROROFAZER0TH: I'll bump it up my list
(66:35 / All) AngelOfWrath: Nolan's batman trilogy is pretty good, but hedge ledger died screwing the third movie
(66:41 / All) AngelOfWrath: heath*
(66:53 / All) AngelOfWrath: doesn't make sense for the joker to be absent
(66:58 / All) AngelOfWrath: and he wasn't suppose to be
(67:14 / All) TERROROFAZER0TH: Batman movies were a lot better than I expected because I hate any superhero shit
(67:16 / Allies) AngelOfWrath: you there red?
(67:34 / All) AngelOfWrath: Batman and Dredd are the best comic IPs
(67:43 / All) AngelOfWrath: 2000ad stuff is rad
(67:59 / All) AngelOfWrath: Superman is kind of gay
(68:01 / All) AngelOfWrath: Boring
(68:11 / All) TERROROFAZER0TH: superman is the original and most generic superhero
(68:24 / All) AngelOfWrath: He was not supposed to be as powerful as he is originally
(68:41 / All) AngelOfWrath: he was suppose to be able to leap over buildings
(68:47 / All) AngelOfWrath: and be strong
(68:50 / All) AngelOfWrath: which is still quite powerful
(69:05 / All) AngelOfWrath: hence "able to leap over buildings with a single bound"
(69:14 / All) AngelOfWrath: he's basically a god as he is tho
(69:45 / All) AngelOfWrath: The guy that wrote the screenplays for the new batmans also wrote the blade movies
(69:48 / All) AngelOfWrath: which are cool
(70:02 / All) AngelOfWrath: the third one is a piece of shit but that's not his fault
(70:03 / All) TERROROFAZER0TH: I think I have the first one downloaded but never saw it
(70:06 / All) AngelOfWrath: that was the studio execs
(70:08 / All) AngelOfWrath: I think fox
(70:22 / All) AngelOfWrath: the vampire society is like vtm
(70:31 / All) TERROROFAZER0TH: end and give red the loss?
(70:36 / All) AngelOfWrath: it takes more from that than the comic it's based on
(70:39 / All) AngelOfWrath: yeh